[ AOE2 MATCH · #506201544 ]
UnrankedSicilians vs Poles
Player's team · LOSS
Rival team · WIN
[ REPLAY ANALYSIS · EXTRACTED FROM THE RECORDED GAME ]
Feudal
—
Castle
—
Imperial
—
| APM avg | 22.9 |
| APM peak | 47 |
| eAPM avg | 12.3 |
| Villagers / military | 22 / 0 |
Focus
⚔️ 26.4% · 🌾 73.6%
Feudal
13:57
Castle
—
Imperial
—
| APM avg | 20.0 |
| APM peak | 41 |
| eAPM avg | 11.8 |
| Villagers / military | 39 / 0 |
Focus
⚔️ 11.6% · 🌾 88.4%
Fishing Ship ×4
Match map
Initial resources + every placement click. Lines = walls · curves = elevation contours. ◆ gold · ⬟ stone · ● berries · ✦ relic · ◌ wall gap
Your base· Open — unwalled flank
mid range J1137's base· Open — unwalled flank
Smoothed initial terrain · ◌ = detected wall gap · hover for details
Inputs per minute
— Papapishu8352 - - mid range J1137
Build order — Papapishu8352
36 actions detected in the replay
| 0:00 | Queue | Villager (Male) |
| 0:01 | Queue | Villager (Male) |
| 0:01 | Queue | Villager (Male) |
| 0:02 | Build | House |
| 0:04 | Build | House |
| 0:25 | Queue | Villager (Male) |
| 1:40 | Queue | Villager (Male) |
| 2:34 | Queue | Villager (Male) |
| 2:46 | Queue | Villager (Male) |
| 3:06 | Queue | Villager (Male) |
| 3:18 | Research | Loom |
| 3:25 | Queue | Villager (Male) |
| 4:42 | Queue | Villager (Male) |
| 5:00 | Build | Palisade Wall |
| 5:04 | Build | Palisade Wall |
| 5:07 | Build | Palisade Wall |
| 5:10 | Build | Palisade Wall |
| 5:15 | Build | Palisade Wall |
| 5:19 | Build | Palisade Wall |
| 5:21 | Queue | Villager (Male) |
| 5:22 | Queue | Villager (Male) |
| 5:22 | Queue | Villager (Male) |
| 5:29 | Build | Palisade Wall |
| 5:32 | Build | Palisade Wall |
| 5:35 | Build | Palisade Wall |
| 5:53 | Queue | Villager (Male) |
| 7:32 | Build | Town Center |
| 8:30 | Queue | Villager (Male) |
| 8:31 | Queue | Villager (Male) |
| 9:46 | Build | House |
| 10:13 | Queue | Villager (Male) |
| 10:49 | Queue | Villager (Male) |
| 11:15 | Queue | Villager (Male) |
| 12:05 | Queue | Villager (Male) |
| 12:48 | Queue | Villager (Male) |
| 14:56 | Queue | Villager (Male) |
Build order — mid range J1137
60 actions detected in the replay
| 0:01 | Queue | Villager (Male) |
| 0:02 | Queue | Villager (Male) |
| 0:02 | Queue | Villager (Male) |
| 0:04 | Build | House |
| 0:05 | Build | House |
| 0:28 | Queue | Villager (Male) |
| 0:28 | Queue | Villager (Male) |
| 1:24 | Queue | Villager (Male) |
| 1:24 | Queue | Villager (Male) |
| 2:03 | Queue | Villager (Male) |
| 2:03 | Queue | Villager (Male) |
| 2:23 | Queue | Villager (Male) |
| 2:40 | Build | Lumber Camp |
| 2:48 | Queue | Villager (Male) |
| 3:09 | Queue | Villager (Male) |
| 3:20 | Build | House |
| 4:04 | Queue | Villager (Male) |
| 4:05 | Queue | Villager (Male) |
| 4:05 | Queue | Villager (Male) |
| 5:01 | Queue | Villager (Male) |
| 5:01 | Queue | Villager (Male) |
| 5:11 | Queue | Villager (Male) |
| 5:11 | Queue | Villager (Male) |
| 5:37 | Research | Loom |
| 5:43 | Queue | Villager (Male) |
| 5:43 | Queue | Villager (Male) |
| 6:20 | Build | Mill |
| 6:28 | Queue | Villager (Male) |
| 7:18 | Build | Dock |
| 7:25 | Queue | Villager (Male) |
| 7:25 | Queue | Villager (Male) |
| 7:53 | Queue | Villager (Male) |
| 7:54 | Queue | Villager (Male) |
| 8:18 | Build | Barracks |
| 8:35 | Queue | Fishing Ship |
| 8:35 | Queue | Fishing Ship |
| 8:38 | Queue | Fishing Ship |
| 8:39 | Queue | Fishing Ship |
| 9:04 | Queue | Villager (Male) |
| 9:05 | Queue | Villager (Male) |
| 9:20 | Build | Farm |
| 9:40 | Build | House |
| 9:46 | Build | House |
| 9:47 | Build | House |
| 9:47 | Build | House |
| 9:47 | Build | House |
| 9:57 | Queue | Villager (Male) |
| 9:57 | Queue | Villager (Male) |
| 10:45 | Queue | Villager (Male) |
| 11:07 | Queue | Villager (Male) |
| 11:35 | Research | Feudal Age |
| 13:03 | Queue | Villager (Male) |
| 13:57 | Age | Feudal Age |
| 14:10 | Queue | Villager (Male) |
| 14:11 | Queue | Villager (Male) |
| 15:11 | Queue | Villager (Male) |
| 15:12 | Queue | Villager (Male) |
| 15:12 | Queue | Villager (Male) |
| 15:13 | Queue | Villager (Male) |
| 15:16 | Research | Double-Bit Axe |
Match timeline
| 5:00 | Papapishu8352 · wall_segment Palisade Wall x1 |
| 5:04 | Papapishu8352 · wall_segment Palisade Wall x1 |
| 5:07 | Papapishu8352 · wall_segment Palisade Wall x1 |
| 5:10 | Papapishu8352 · wall_segment Palisade Wall x1 |
| 5:15 | Papapishu8352 · wall_segment Palisade Wall x1 |
| 5:19 | Papapishu8352 · wall_segment Palisade Wall x1 |
| 5:29 | Papapishu8352 · wall_segment Palisade Wall x1 |
| 5:32 | Papapishu8352 · wall_segment Palisade Wall x1 |
| 5:35 | Papapishu8352 · wall_segment Palisade Wall x1 |
| 7:18 | mid range J1137 · first_building Dock |
| 8:18 | mid range J1137 · first_building Barracks |
| 13:57 | mid range J1137 · age_up feudal |
| 15:23 | Papapishu8352 · resign |
[ AI ANALYSIS · 1 CREDIT ]
What really happened in this match?
Wolo.gg analyzes every decision: build order, eco, micro, common mistakes by bracket. Personalized analysis on WhatsApp or Discord in 30 seconds.
Civ guide
Sicilians
Perfil
Jugador #19470619